 Dungeon Crawl Stone Soup version 0.23-a0-612-gcb482e9 (console) character file.

66 bli the Digger (level 3, -3/26 HPs)
             Began as a Draconian Earth Elementalist on Dec 21, 2018.
             Was an Initiate of Qazlal.
             Killed from afar by Natasha (7 damage)
             ... with a magic dart
             ... on level 2 of the Dungeon.
             The game lasted 00:05:00 (1559 turns).

bli the Digger (Draconian Earth Elementalist)       Turns: 1559, Time: 00:05:01

Health: -3/26      AC:  5    Str: 10    XL:     3   Next: 96%
Magic:  13/16      EV: 12    Int: 16    God:    Qazlal [......]
Gold:   75         SH:  0    Dex: 11    Spells: 6/7 levels left

rFire    . . .     SeeInvis .   e - +0 whip
rCold    . . .     Gourm    .   (no shield)
rNeg     . . .     Faith    .   (armour unavailable)
rPois    .         Spirit   .   (helmet restricted)
rElec    .         Reflect  .   (no cloak)
rCorr    .         Harm     .   (no gloves)
MR       .....                  (no boots)
Stlth    ++........             (no amulet)
HPRegen  0.08/turn              g - ring of magical power
MPRegen  0.15/turn              (no ring)

@: no status effects
A: unfitting armour, cold-blooded, AC +5
a: Renounce Religion


You were on level 2 of the Dungeon.
You worshipped Qazlal.
Qazlal was noncommittal.
You were not hungry.

You visited 1 branch of the dungeon, and saw 2 of its levels.

You collected 75 gold pieces.

Inventory:

Hand Weapons
 e - a +0 whip (weapon)
Missiles
 b - 72 stones (quivered)
Jewellery
 g - a ring of magical power (left hand)
 h - an uncursed ring of stealth {unknown}
Scrolls
 a - 2 scrolls of remove curse {unknown}
 d - 4 scrolls of identify {unknown}
 i - 2 scrolls of fear {unknown}
 k - 2 scrolls of teleportation {unknown}
 n - a scroll of noise {unknown}
 p - a scroll of random uselessness {unknown}
Potions
 f - 2 potions of curing {unknown}
 j - 2 potions of invisibility {unknown}
 l - a potion of agility {unknown}
 m - a potion of heal wounds {unknown}
Comestibles
 c - 2 rations
 o - a chunk of flesh


   Skills:
 - Level 1.7 Dodging
 - Level 1.7 Stealth
 + Level 2.7 Spellcasting
   Level 1.0 Transmutations
 * Level 4.4 Earth Magic


You had 6 spell levels left.
You knew the following spells:

 Your Spells              Type           Power        Failure   Level  Hunger
a - Sandblast             Erth           ###...       3%          1    #......

Your spell library contained the following spells:

 Spells                   Type           Power        Failure   Level  Hunger
 Passwall                 Tmut/Erth      ##......     10%         2    ##.....
 Stone Arrow              Conj/Erth      #.....       24%         3    ###....
 Petrify                  Tmut/Erth      ##......     54%         4    #####..
 Lee's Rapid Deconstruct  Erth           ###.......   65%         5    ######.


Dungeon Overview and Level Annotations

Branches:
Dungeon (2/15)

Altars:
Qazlal

Annotations:
D:2 Natasha, Sigmund


Innate Abilities, Weirdness & Mutations

Your plain brown scales are hard. (AC +5)
You cannot fit into any form of body armour.
You are cold-blooded and may be slowed by cold attacks.


Message History

The blast of sand misses Natasha.
b - 73 stones Natasha claws you!
You hit Natasha but do no damage.
Natasha is moderately wounded.
Natasha casts a spell at you. The magic dart hits you!
* * * LOW HITPOINT WARNING * * *
Natasha mumbles some strange words.
Casting: Sandblast (safe; 3% risk of failure)
Confirm with . or Enter, or press ? or * to list all spells.
Aiming: Sandblast (safe; 3% risk of failure)
Press: ? - help, Shift-Dir - straight line, f/p - Natasha
Aim: Natasha (moderately wounded)
The blast of sand hits Natasha.
Natasha is severely wounded.
b - 72 stones Natasha stares at you and mumbles some strange words.
The magic dart hits you!
You die...

#.........## #......## #
#..........# ##.#.....####
#..........# #..#####..##.
#..........####.#######....
#######...............# #........
....................#####.#......
########.........##.........##...
.......##.....#..###.#...######.#
.......########........#...## #..
#####..# #####...#..........####.
#)$(#..###......@h5.......#.....#
#[?)#......###..#.........#####.#
#%($#...######.#..........# #..
#####...##................# ####.
...........##..##.##.###### #....
........#####.........#######.###
#############...#..##.........#
##.........#.#..#####.#....#
#...#####..#.#..##.......###
#####....#...........##.##.### #
#..............#..###...##...###


You could see Natasha and a shadow imp.

Vanquished Creatures
  Natasha (D:2)
  An ooze (D:1)
  A worm (D:2)
  A dart slug (D:1)
  A leopard gecko (D:1)
  A ball python (D:1)
  A bat (D:1)
  A giant cockroach (D:1)
  2 goblins (D:1)
  5 hobgoblins
  4 jackals (D:2)
  4 kobolds
  A quokka (D:2)
  2 frilled lizards (D:1)
  2 rats
28 creatures vanquished.

Notes
Turn   | Place    | Note
-------+----------+-------------------------------------------
     0 | D:1      | bli the Draconian Earth Elementalist began the quest for
                  | the Orb.
     0 | D:1      | Reached XP level 1. HP: 14/14 MP: 3/3
     1 | D:1      | You fall through a shaft!
   315 | D:2      | Reached XP level 2. HP: 18/20 MP: 5/5
   327 | D:2      | Found a stormy altar of Qazlal.
   336 | D:2      | Became a worshipper of Qazlal Stormbringer
   446 | D:2      | Noticed Natasha
   455 | D:2      | Killed Natasha
   455 | D:2      | Reached skill level 4 in Earth Magic
   455 | D:2      | Reached XP level 3. HP: 9/26 MP: 6/6
   676 | D:2      | Noticed Sigmund
  1547 | D:2      | Noticed Natasha
  1559 | D:2      | Killed from afar by Natasha

Vault maps used:
D:1:      lemuel_arrival_river_passageway
D:2:      lemuel_coloured_pillars_altar, first_ration, due_unseen_surprise,
          uniq_sigmund, uniq_natasha

Skill      XL: |  1  2 |
---------------+-------+-----
Earth Magic    | 4 |  4.4
Dodging        | |  1.7
Stealth        | |  1.7
Spellcasting   | |  2.7
Transmutations | |  1.0

Action                   || total
-------------------------++-------
Melee: Whip              ||    66
       Tailslap          ||     2
 Cast: Sandblast         ||    38
 Stab: Sleeping          ||     3
  Eat: Chunk             ||     3
Armor: Skin              ||    18
Dodge: Dodged            ||    44

Table legend:
 A = Non-vault XP
 B = Vault XP
 C = Vault XP percentage of total XP
 D = Non-vault monster count
 E = Vault monster count
 F = Vault count percentage of total count
                 A         B        C        D         E       F
            +---------+---------+-------+---------+---------+-------
      Total |      59 |      36 |  37.9 |      27 |       1 |   3.6
            +---------+---------+-------+---------+---------+-------
        D:1 |      37 |       0 |   0.0 |      17 |       0 |   0.0
        D:2 |      22 |      36 |  62.1 |      10 |       1 |   9.1
            +---------+---------+-------+---------+---------+-------
